 Dungeon Crawl Stone Soup version 0.27-a0-1529-g1e82c303ef (webtiles) character file.

Game seed: 3031097285854059659

89 skittles the Sneak (level 4, -3/22 HPs)
             Began as a Spriggan Brigand on July 11, 2021.
             Killed from afar by Natasha (9 damage)
             ... with a puff of flame
             ... on level 2 of the Dungeon.
             The game lasted 00:03:23 (1638 turns).

skittles the Sneak (Spriggan Brigand)               Turns: 1638, Time: 00:03:23

Health: -3/22      AC:  3    Str:  7    XL:     4   Next: 31%
Magic:  5/5        EV: 18    Int: 12    God:
Gold:   68         SH:  0    Dex: 17    Spells: 2/3 levels left

rFire    . . .     SeeInvis +   a - +2 dagger
rCold    . . .     Faith    .   (shield restricted)
rNeg     . . .     Spirit   .   b - +0 robe
rPois    .         Reflect  .   (helmet restricted)
rElec    .         Harm     .   c - +0 cloak
rCorr    .         Rampage  .   (gloves unavailable)
Will     .....                  (boots unavailable)
Stlth    ++++......             (no amulet)
HPRegen  0.07/turn              (no ring)
MPRegen  0.09/turn              (no ring)

@: slowed, quick
A: very small, no large weapons, unfitting armour, see invisible, speed 3
a: no special abilities


You were on level 2 of the Dungeon.
You visited 1 branch of the dungeon, and saw 2 of its levels.

You collected 68 gold pieces.

Inventory:

Hand Weapons
 a - a +2 dagger (weapon)
 f - a +0 short sword
Missiles
 d - 7 poisoned darts (quivered)
 e - 2 curare-tipped darts
Armour
 b - a +0 robe (worn)
 c - a +0 cloak (worn)
Jewellery
 h - an amulet of magic regeneration
Wands
 j - a wand of acid (4)
Scrolls
 g - a scroll of vulnerability {unknown}
 i - a scroll of identify {unknown}


   Skills:
 - Level 1.5 Fighting
 + Level 3.0 Short Blades
 * Level 2.2 Throwing
 * Level 3.6 Dodging
 - Level 7.0 Stealth


You had 2 spell levels left.
You knew the following spells:

 Your Spells              Type           Power      Damage    Failure   Level
a - Freeze                Ice            0%         1d3       32%         1

Your spell library contained the following spells:

 Spells                   Type           Power      Damage    Failure   Level
 Ensorcelled Hibernation  Hex/Ice        0%         N/A       45%         2
 Frozen Ramparts          Ice            0%         1d2       69%         3
 Spider Form              Tmut/Pois      0%         N/A       69%         3
 Hailstorm                Conj/Ice       0%         3d3       97%         4
 Shadow Creatures         Summ           N/A        N/A       100%        6


Dungeon Overview and Level Annotations

Branches:
Dungeon (2/15)

Altars:

Annotations:
D:2 Natasha


Innate Abilities, Weirdness & Mutations

You are very small and have problems with some larger weapons.
You are too small for most types of armour.
You have supernaturally acute eyesight. (SInv)
You cover ground extremely quickly. (Speed+++)


Message History

You hit Jessica.
Jessica is almost dead.
Jessica completely misses you.
You hit Jessica.
You kill Jessica!
Your Short Blades skill increases to level 3!
You have reached level 4!
You see here a ball python corpse.
Unknown command.
You start resting.
Natasha, Servant of Life and Death comes into view.
She is carrying a wand of flame (14).
Natasha is nearby!
Throw: 10 darts (poison)
Press: ? - help, Q - select action, (/) - cycle Shift-Dir - straight line, f - Natasha
Aim: Natasha, carrying a wand of flame (14) (wandering, hasn't noticed you, 53% to hit)
You throw a poisoned dart. The poisoned dart hits Natasha.
Natasha is poisoned.
Natasha hisses angrily.
Natasha drinks a potion.
Natasha seems to speed up.
Throw: 9 darts (poison)
Press: ? - help, Q - select action, (/) - cycle Shift-Dir - straight line, f/p - Natasha
Aim: Natasha, carrying a wand of flame (14) (lightly wounded, fast, poisoned, 53% to hit)
You throw a poisoned dart. The poisoned dart hits Natasha.
Natasha looks even sicker.
Natasha is lightly wounded.
Natasha howls an incantation.
Natasha shimmers violently.
Natasha zaps a wand.
The puff of flame hits you!
Throw: 8 darts (poison)
Press: ? - help, Q - select action, (/) - cycle Shift-Dir - straight line, f/p - Natasha
Aim: Natasha, carrying a wand of flame (13) (lightly wounded, fast, very poisoned, 53% to hit)
You throw a poisoned dart. The poisoned dart hits Natasha.
Natasha looks even sicker.
Natasha is lightly wounded.
Natasha stares at you and mumbles some strange words.
The magic dart hits you.
* * * LOW HITPOINT WARNING * * *
Natasha casts a spell at you.
You feel yourself slow down.
Natasha zaps a wand.
The puff of flame hits you!
You die...

# #... ..
#.#.. .#
#####.#.###)#
....h.h.†...#
...(.##.#####
.(( #.#.## .
#.#..# #.#..#
#@#..#
#####'#..#####
#............#
#.......[....#
#............#
##
#............#
.###
#......<.....#
...##.#.#
#............#
.#.##.#.#
#.........[..#


You could see Natasha (fast, very poisoned).

Vanquished Creatures
  Jessica (D:2)
  Natasha (D:2)
  An adder (D:2)
  3 ball pythons
  6 endoplasms
  3 giant cockroaches (D:1)
  A goblin (D:1)
  A hobgoblin (D:2)
  2 jackals (D:2)
  2 quokkas
  3 bats (D:1)
  A frilled lizard (D:1)
  2 kobolds
  A rat (D:2)
28 creatures vanquished.

Notes
Turn   | Place    | Note
-------+----------+-------------------------------------------
     0 | D:1      | skittles the Spriggan Brigand began the quest for the Orb.
     0 | D:1      | Reached XP level 1. HP: 10/10 MP: 2/2
   102 | D:1      | Reached skill level 6 in Stealth
   202 | D:1      | You fall into a shaft and drop 1 floor!
   214 | D:2      | Reached XP level 2. HP: 14/14 MP: 3/3
   548 | D:1      | Found a faded altar of an unknown god.
  1001 | D:1      | Learned a level 1 spell: Freeze
  1177 | D:2      | Reached XP level 3. HP: 18/18 MP: 4/4
  1273 | D:2      | Noticed Natasha
  1289 | D:2      | Killed Natasha
  1290 | D:2      | Reached skill level 7 in Stealth
  1578 | D:2      | Noticed Jessica
  1596 | D:2      | Killed Jessica
  1597 | D:2      | Reached XP level 4. HP: 13/22 MP: 5/5
  1629 | D:2      | Noticed Natasha
  1638 | D:2      | Killed from afar by Natasha

Illustrated notes

Levels and vault maps discovered:
D:1:      elethiomel_arrival_quiet, layout_basic,
          hellmonk_ecumenical_altar_crossroads
D:2:      layout_basic, uniq_jessica, uniq_robin, uniq_sigmund, uniq_natasha

Skill      XL: |  1  2  3 |
---------------+----------+-----
Stealth        | 6 7 |  7.0
Dodging        | 2 3 |  3.6
Short Blades   | 3 |  3.0
Fighting       | |  1.5
Throwing       | |  2.2

Action                   |  1- 3 |  4- 6 || total
-------------------------+-------+-------++-------
Melee: Dagger            |    79 |       ||    79
Throw: Dart              |       |     3 ||     3
  Use: Potion            |     1 |       ||     1
 Stab: Sleeping          |    15 |       ||    15
Armor: Robe              |     6 |       ||     6
Dodge: Dodged            |    52 |       ||    52

Table legend: (Time is in decaauts)
 A = Elapsed time spent in this place.
 B = Non-inter-level travel time spent in this place.
 C = Inter-level travel time spent in this place.
 D = Time resting spent in this place.
 E = Time spent auto-exploring this place.
 F = Levels seen in this place.
 G = Mean time per level.
                   A        B        C        D        E       F      G
               +--------+--------+--------+--------+--------+-----+--------+
         Total |   1199 |   1199 |      0 |    315 |    674 |   2 |  599.5 |
       Dungeon |   1199 |   1199 |      0 |    315 |    674 |   2 |  599.5 |
               +--------+--------+--------+--------+--------+-----+--------+

Top non-repeatable levels by time:
     D:1: 654 daAuts
     D:2: 545 daAuts
